 Dungeon Crawl Stone Soup version 0.29-a0-542-g075992c915 (webtiles) character file.

Game seed: 10183913197687185785

694 jt the Cleaver (level 8, -2/63 HPs)
             Began as a Meteoran Cinder Acolyte on June 4, 2022.
             Was a High Priest of Ignis.
             Slain by Edmund
             ... wielding a +2 dire flail of holy wrath
              (7 damage)
             ... on level 5 of the Dungeon.
             The game lasted 00:08:28 (1157 turns).

jt the Cleaver (Meteoran Cinder Acolyte)            Turns: 1157, Time: 00:08:29

Health: -2/63      AC:  3    Str: 17    XL:     8   Next: 17%
Magic:  4/13       EV: 11    Int: 16    God:    Ignis [*****.]
Gold:   91         SH:  0    Dex: 10    Spells: 10/13 levels left

rFire   + . .      SeeInvis .   a - -1 hand axe (flame)
rCold   . . .      Faith    .   (no shield)
rNeg    . . .      Spirit   .   b - +0 robe
rPois   .          Reflect  .   (no helmet)
rElec   .          Harm     .   (no cloak)
rCorr   .          Rampage  .   (no gloves)
Will    +....                   f - +0 pair of boots
Stlth   +.........              (no amulet)
HPRegen 0.20/turn               (no ring)
MPRegen 0.13/turn               (no ring)

@: glowing
A: sense surroundings 1, otherworldly, glowing, explore regen
a: Renounce Religion, Fiery Armour, Foxfire Swarm, Rising Flame


You were on level 5 of the Dungeon.
You worshipped Ignis.
Ignis was extremely pleased with you.
You visited 1 branch of the dungeon, and saw 5 of its levels.

You collected 91 gold pieces.

Inventory:

Hand Weapons
 a - a -1 hand axe of flaming (weapon)
 c - a +3 dagger
 i - a +2 dagger of draining
 m - a +0 hunting sling
Missiles
 e - 41 stones (quivered)
Armour
 b - a +0 robe (worn)
 f - a +0 pair of boots (worn)
 n - a +0 chain mail
Scrolls
 j - a scroll of identify {unknown}
 k - a scroll of amnesia {unknown}
 l - a scroll of teleportation {unknown}
 p - 2 scrolls of vulnerability {unknown}
 q - 2 scrolls of blinking
 r - 2 scrolls of summoning {unknown}
Potions
 d - 2 potions of attraction
 o - a potion of resistance {unknown}
 s - a potion of flight {unknown}


   Skills:
 - Level 3.2 Fighting
 + Level 9.4 Axes
 - Level 3.0 Spellcasting
 - Level 5.0 Fire Magic


You had 10 spell levels left.
You knew the following spells:

 Your Spells              Type           Power      Damage    Failure   Level
a - Scorch                Fire           36%        2d6       3%          2
b - Necrotize             Necr           8%         1d4       19%         1

Your spell library contained the following spells:

 Spells                   Type           Power      Damage    Failure   Level
 Vampiric Draining        Necr           2%         2d6       50%         3
 Agony                    Necr           2%         N/A       99%         5


Dungeon Overview and Level Annotations

Branches:
Dungeon (5/15)
 Temple: D:4-7

Altars:
Fedhas
Nemelex Xobeh

Annotations:
D:3 Sigmund
D:4 need digging/passwall
D:5 Edmund


Innate Abilities, Weirdness & Mutations

You passively map a small area around you.
You are easily found by Zot.
You glow in the dark.
You regain HP and MP as you explore.


Message History

The scorpion is lightly wounded.
The scorpion's fire resistance burns away.
Edmund hits you with a +2 dire flail of holy wrath!
Casting: Scorch (safe; 3% risk of failure)
Confirm with . or Enter, or press ? or * to list all spells.
Flames lash the scorpion.
The scorpion is burned terribly!
The scorpion is severely wounded.
Edmund says, "Everyone always remembers my brother. 'Who's Edmund?' they ask!"
Edmund hits you with a +2 dire flail of holy wrath!
Casting: Scorch (safe; 3% risk of failure)
Confirm with . or Enter, or press ? or * to list all spells.
Flames lash Edmund.
Edmund is burned terribly!
Edmund is heavily wounded.
Edmund hits you with a +2 dire flail of holy wrath.
Casting: Scorch (safe; 3% risk of failure)
Confirm with . or Enter, or press ? or * to list all spells.
Flames lash the scorpion.
The scorpion is burned terribly!
The scorpion is almost dead.
Edmund hits you with a +2 dire flail of holy wrath!
You hit Edmund but do no damage.
Edmund is heavily wounded.
Edmund hits you with a +2 dire flail of holy wrath!
* * * LOW HITPOINT WARNING * * *
You feel better.
Edmund hits you with a +2 dire flail of holy wrath.
* * * LOW HITPOINT WARNING * * *
You aren't carrying any items that you can evoke.
Okay, then.
As you read the scroll labelled INOTIO KUDABB, it crumbles to dust.
The scroll dissolves into smoke.
It was a scroll of fog.
Edmund hits you with a +2 dire flail of holy wrath!
* * * LOW HITPOINT WARNING * * *
Press: ? - help, v - describe, . - travel
Here: Edmund, wielding a +2 dire flail of holy wrath and wearing a +0 scale mail (black smoke, heavily wounded, more vulnerable to fire)
The floor.
Okay, then.
Okay, then.
Edmund attacks as you move away!
Edmund hits you with a +2 dire flail of holy wrath!
You die...

#.# , #.# #.# *
#.# , ##.#### ,
*, §§§ .# * *,
#s# .# *, #@##.#
* , , #§@§§# * *
#.####§.# * ,
#.....§§# * *
######.## , ,,
,,, #.# # , ###
#.###.# ##.##
#...#.#* ,,#._.#
##....##.
####.##
#..#.##.##..#'#.


You could see Edmund (combustible) and a scorpion (combustible).

Vanquished Creatures
  Grinder (D:4)
  An ogre (D:5)
  A scorpion (D:4)
  A necrophage (D:5)
  A howler monkey (D:5)
  2 hounds
  A jelly (D:5)
  A gnoll shaman (D:4)
  An orc wizard (D:5)
  2 gnolls (D:4)
  3 adders
  A white imp (D:5)
  An ufetubus (D:5)
  A dart slug (D:2)
  5 orcs
  3 endoplasms
  4 giant cockroaches
  6 goblins
  4 hobgoblins
  4 jackals
  2 quokkas
  2 ball pythons
  3 bats
  2 kobolds
  A rat (D:1)
54 creatures vanquished.

Notes
Turn   | Place    | Note
-------+----------+-------------------------------------------
     0 | D:1      | jt the Meteoran Cinder Acolyte began the quest for the Orb.
     0 | D:1      | Reached XP level 1. HP: 19/19 MP: 3/3
   101 | D:1      | Reached skill level 4 in Axes
   102 | D:1      | Reached XP level 2. HP: 12/26 MP: 5/5
   115 | D:1      | Learned a level 2 spell: Scorch
   313 | D:2      | Reached XP level 3. HP: 12/31 MP: 1/6
   318 | D:2      | Reached skill level 5 in Axes
   480 | D:2      | Learned a level 1 spell: Necrotize
   520 | D:2      | Reached XP level 4. HP: 22/38 MP: 1/7
   704 | D:3      | Noticed Sigmund
   755 | D:4      | Noticed Grinder
   763 | D:4      | Paralysed by Grinder for 5 turns
   767 | D:4      | Killed Grinder
   768 | D:4      | Reached skill level 6 in Axes
   768 | D:4      | Reached skill level 5 in Fire Magic
   768 | D:4      | Reached XP level 5. HP: 5/45 MP: 2/10
   768 | D:4      | Reached XP level 6. HP: 6/51 MP: 2/11
   845 | D:4      | Reached skill level 7 in Axes
   893 | D:4      | Reached XP level 7. HP: 41/57 MP: 3/12
   925 | D:5      | Entered Level 5 of the Dungeon
   925 | D:5      | Found a blossoming altar of Fedhas.
   982 | D:5      | Reached skill level 8 in Axes
   995 | D:5      | Found a sparkling altar of Nemelex Xobeh.
  1031 | D:5      | Reached skill level 9 in Axes
  1031 | D:5      | Reached XP level 8. HP: 54/63 MP: 0/13
  1146 | D:5      | Noticed Edmund
  1157 | D:5      | Slain by Edmund

Illustrated notes

Levels and vault maps discovered:
D:1:      amcnicky_arrival_single_pillar, layout_loops_ring,
          kennysheep_crisscross
D:2:      layout_rooms, grunt_ministairs_8
D:3:      layout_basic, uniq_sigmund
D:4:      cheibrodos_old_hovel, layout_gridville,
          minmay_temple_entry_purple_smoke, serial_shops,
          nicolae_shop_hallway_plus, shop, due_unseen_surprise, uniq_grinder
D:5:      layout_loops_cross, nemelex_dance_club_becter, fedhas_altar_2,
          uniq_blork_the_orc, uniq_edmund

Skill      XL: |  1  2  3  4  5  6  7 |
---------------+----------------------+-----
Axes           | 4 5 6 7 9 |  9.4
Spellcasting   | 3 |  3.0
Fire Magic     | 5 |  5.0
Fighting       | |  3.2

Action                   |  1- 3 |  4- 6 |  7- 9 || total
-------------------------+-------+-------+-------++-------
Melee: Hand axe          |    65 |     6 |    20 ||    91
       Punch             |     1 |       |       ||     1
Throw: Stone             |     3 |       |       ||     3
 Cast: Scorch            |    16 |    14 |    20 ||    50
       Necrotize         |     1 |     2 |       ||     3
Invok: Fiery Armour      |       |     1 |     1 ||     2
  Use: Potion            |       |     2 |     2 ||     4
       Scroll            |       |     1 |     1 ||     2
Armor: Robe              |    23 |     6 |    17 ||    46
Dodge: Dodged            |    28 |     6 |    10 ||    44

Table legend: (Time is in decaauts)
 A = Elapsed time spent in this place.
 B = Non-inter-level travel time spent in this place.
 C = Inter-level travel time spent in this place.
 D = Time resting spent in this place.
 E = Time spent auto-exploring this place.
 F = Levels seen in this place.
 G = Mean time per level.
                   A        B        C        D        E       F      G
               +--------+--------+--------+--------+--------+-----+--------+
         Total |   1160 |   1160 |      0 |     27 |      0 |   5 |  232.0 |
       Dungeon |   1160 |   1160 |      0 |     27 |      0 |   5 |  232.0 |
               +--------+--------+--------+--------+--------+-----+--------+

Top non-repeatable levels by time:
     D:1: 402 daAuts
     D:2: 306 daAuts
     D:4: 231 daAuts
     D:5: 178 daAuts
     D:3: 40 daAuts
